 Dungeon Crawl Stone Soup version 0.20.0-10-g0535bb4 (webtiles) character file.

63 Kriby the Chopper (level 4, 0/40 HPs)
             Began as a Hill Orc Fighter on June 5, 2017.
             Slain by Sigmund
             ... wielding a +0 scythe
              (6 damage)
             ... on level 3 of the Dungeon.
             The game lasted 00:01:14 (1553 turns).

Kriby the Chopper (Hill Orc Fighter)                Turns: 1553, Time: 00:01:14

Health: 0/40       AC:  8    Str: 19    XL:     4   Next: 10%
Magic:  4/4        EV:  7    Int:  8    God:
Gold:   139        SH:  9    Dex: 10    Spells: 3/3 levels left

rFire    . . .     SeeInvis .   a - +0 war axe
rCold    . . .     Gourm    .   c - +0 shield
rNeg     . . .     Faith    .   b - +0 scale mail
rPois    .         Spirit   .   s - +0 helmet (curse)
rElec    .         Reflect  .   (no cloak)
rCorr    .         Harm     .   (no gloves)
MR       .....                  (no boots)
Stlth    ..........             k - amulet of rage
Regen    0.2/turn               (no ring)
MPRegen  0.1/turn               (no ring)

@: no status effects
A: no striking features
a: Evoke Berserk Rage


You were on level 3 of the Dungeon.
You were not hungry.

You visited 1 branch of the dungeon, and saw 3 of its levels.

You collected 139 gold pieces.

Inventory:

Hand Weapons
 a - a +0 war axe (weapon)
Armour
 b - a +0 scale mail (worn)
 c - a +0 shield (worn)
 s - a cursed +0 helmet (worn)
Jewellery
 k - an amulet of rage (around neck)
Scrolls
 e - 5 scrolls of identify {unknown}
 j - 2 scrolls of remove curse {unknown}
 m - a scroll of blinking {unknown}
 n - a scroll of recharging {unknown}
 o - a scroll of amnesia {unknown}
Potions
 d - a potion of might
 g - 3 potions of curing {unknown}
 i - a potion of mutation {unknown}
 l - a potion of invisibility {unknown}
 p - a potion of flight {unknown}
 q - a potion of resistance {unknown}
 t - a potion of brilliance {unknown}
 u - 2 potions of heal wounds {unknown}
Comestibles
 f - 2 bread rations
 h - 5 chunks of flesh
 r - a meat ration


   Skills:
 + Level 4.2 Fighting
 * Level 5.2 Axes
 - Level 3.2 Armour
 - Level 3.2 Shields


You had 3 spell levels left.
You didn't know any spells.

Dungeon Overview and Level Annotations

Branches:
Dungeon (3/15)

Altars:
Xom
Zin

Annotations:
D:3 Sigmund


Message History

Something hits you!
You closely miss something. Something hits you but does no damage.
You miss something. You barely miss something. You block something's attack.
You miss something.
You hear some strange, mumbled words.
A magic dart appears from out of thin air!
The magic dart hits you! Something hits you but does no damage.
You closely miss something. You hit something.
You hear some strange, mumbled words.
A puff of flame appears from out of thin air!
You block the puff of flame.
You hear some strange, mumbled words.
Something tries to affect you, but you resist.
You closely miss something. Something hits you!
You slash something! Something hits you!
* * * LOW HITPOINT WARNING * * *
You miss something. Something hits you.
You die...

.. ## ... #.# ### #.#
..## #.# #..#######
#####.######
##.......###..........#
#######..##.....{..$.#
##.##....@.....# ####
#.##..........# ...###
#.............# ##...#
####..........# ####.#
#..........# .# #.#
#..........# .# #.#
#..........# .# ###
############ ##


There were no monsters in sight!

Vanquished Creatures
  A worm (D:2)
  A dart slug (D:1)
  2 leopard geckos
  9 bats
  2 giant cockroaches
  6 hobgoblins
  12 jackals
  2 kobolds (D:1)
  5 frilled lizards
  5 goblins
  4 rats
49 creatures vanquished.

Notes
Turn   | Place    | Note
-------+----------+-------------------------------------------
     0 | D:1      | Kriby the Hill Orc Fighter began the quest for the Orb.
     0 | D:1      | Reached XP level 1. HP: 19/19 MP: 1/1
   156 | D:1      | Reached skill level 3 in Axes
   332 | D:1      | Reached XP level 2. HP: 27/27 MP: 2/2
   581 | D:1      | Reached skill level 4 in Axes
   740 | D:1      | Reached XP level 3. HP: 29/33 MP: 3/3
  1007 | D:2      | Found a shimmering altar of Xom.
  1007 | D:2      | Found a glowing silver altar of Zin.
  1007 | D:2      | Noticed an angel
  1216 | D:2      | Reached skill level 5 in Axes
  1400 | D:3      | Reached XP level 4. HP: 40/40 MP: 4/4
  1531 | D:3      | Noticed Sigmund
  1553 | D:3      | Slain by Sigmund

Skill      XL: |  1  2  3 |
---------------+----------+-----
Axes           | 3 4 5 |  5.2
Fighting       | 4 |  4.2
Armour         | |  3.2
Shields        | |  3.2

Action                   |  1- 3 |  4- 6 || total
-------------------------+-------+-------++-------
Melee: War axe           |   130 |    30 ||   160
  Eat: Chunk             |     2 |       ||     2
Armor: Scale mail        |    73 |    20 ||    93
Dodge: Dodged            |    62 |     8 ||    70
Block: Shield            |    90 |    14 ||   104
